 Dungeon Crawl Stone Soup version 0.21.1-1-g345015fe64 (webtiles) character file.

18673 Oravi the Transmogrifier (level 12, -2/97 HPs)
             Began as a Merfolk Transmuter on May 2, 2018.
             Was a High Priest of Okawaru.
             Killed from afar by a starcursed mass (7 damage)
             ... with an accursed screaming
             ... on level 1 of the Abyss.
             The game lasted 01:14:14 (12999 turns).

Oravi the Transmogrifier (Merfolk Transmuter)      Turns: 12999, Time: 01:14:14

Health: -2/97      AC: 13    Str: 12      XL:     12   Next: 61%
Magic:  8/14       EV: 21    Int: 15 (16) God:    Okawaru [*****.]
Gold:   658        SH:  0    Dex:  9 (12) Spells: 3/17 levels left

rFire    . . .     SeeInvis .     - Unarmed
rCold    . . .     Gourm    .   (shield currently unavailable)
rNeg     . . .     Faith    .   b - +1 robe
rPois    .         Spirit   .   u - +2 helmet
rElec    +         Reflect  .   U - +0 cloak
rCorr    .         Harm     .   (gloves currently unavailable)
MR       .....                  m - +2 pair of boots
Stlth    ++........             (no amulet)
HPRegen  0.26/turn              M - +3 ring of protection
MPRegen  0.14/turn              P - +3 ring of evasion

@: about to teleport, blade hands (expiring)
A: change form in water, swift swim, stealthy swim, thin skeletal structure 1,
[blurry vision 2], [clumsy 2], [deterioration 1], [low mp 1], electricity
resistance, [subdued magic 3]
a: End Transformation, Heroism, Finesse, Renounce Religion


You were on level 1 of the Abyss.
You worshipped Okawaru.
Okawaru was extremely pleased with you.
You were not hungry.
You had blades for hands.
You visited 2 branches of the dungeon, and saw 12 of its levels.
You visited the Abyss 1 time.

You collected 658 gold pieces.

Inventory:

Hand Weapons
 w - the +2 dagger of Tihegy {distort, rElec rC- Str+6, unknown}
   (You found it on level 4 of the Dungeon)

   It warps and distorts space around it.
   Unwielding it can cause banishment or high damage.
   It affects your strength (+6).
   It makes you vulnerable to cold.
   It insulates you from electricity.
 T - the +3 rapier of Armageddon {freeze, rElec, unknown}
   (Okawaru gifted it to you on level 10 of the Dungeon)

   It has been specially enchanted to freeze those struck by it, causing extra
   injury to most foes and up to half again as much damage against particularly
   susceptible opponents.
   It can also slow down cold-blooded creatures.
   It insulates you from electricity.
Missiles
 a - 263 arrows
 i - 386 stones (quivered)
Armour
 b - a +1 robe (worn)
 k - a scarf of spirit shield
 m - a +2 pair of boots (worn)
 u - a +2 helmet (worn)
 H - a +0 pair of gloves (melded)
 S - the +1 buckler of the Manifold Dreams {rCorr, unknown}
   (Okawaru gifted it to you on level 11 of the Dungeon)

   It protects you from acid and corrosion.
 U - a +0 cloak (worn)
 Y - the cursed +0 chain mail of Narah {rN+ Str+5 Stlth-, unknown}
   (You found it on level 1 of the Abyss)

   It affects your strength (+5).
   It protects you from negative energy.
   It makes you less stealthy.
   It has a curse placed upon it.
Jewellery
 D - an uncursed ring of magical power
 F - the amulet of Upigy {Spirit rPois Str-5 Int+4 SInv}
   (You found it on level 6 of the Dungeon)

   [amulet of guardian spirit]

   It causes incoming damage to be split between your health and magic.
   It affects your strength (-5).
   It affects your intelligence (+4).
   It protects you from poison.
   It lets you see invisible.
 M - a +3 ring of protection (left scythe-like blade)
 N - a +3 ring of intelligence
 O - an uncursed ring of wizardry
 P - a +3 ring of evasion (right scythe-like blade)
 Q - an uncursed ring of stealth
 Z - an uncursed amulet of rage
Wands
 s - a wand of clouds (4)
 x - a wand of disintegration (8)
 E - a wand of paralysis (13)
 G - a wand of flame (32)
 L - a wand of acid (6)
 V - a wand of digging (15)
 X - a wand of enslavement (17)
Scrolls
 g - 4 scrolls of amnesia
 l - 2 scrolls of fog
 q - a scroll of fear {unknown}
 r - 3 scrolls of teleportation
 t - 4 scrolls of magic mapping
 v - 3 scrolls of remove curse
 B - 3 scrolls of blinking
 I - a scroll of enchant weapon
 W - 2 scrolls of enchant armour
Potions
 e - 2 potions of lignification
 h - a potion of haste
 j - 4 potions of magic
 o - 2 potions of mutation
 p - 6 potions of flight
 A - a potion of berserk rage
 C - 3 potions of brilliance
 K - a potion of agility
 R - a potion of might {unknown}
Books
 c - a book of Changes

   Spells                             Type                      Level
   a - Beastly Appendage              Transmutation                1
   b - Sticks to Snakes               Transmutation                2
   c - Spider Form                    Transmutation/Poison         3
   d - Ice Form                       Ice/Transmutation            4
   e - Blade Hands                    Transmutation                5
 n - a book of Misfortune

   Spells                             Type                      Level
   a - Confusing Touch                Hexes                        1
   b - Confuse                        Hexes                        3
   c - Gell's Gravitas                Translocation                3
   d - Petrify                        Transmutation/Earth          4
   e - Metabolic Englaciation         Hexes/Ice                    5
   f - Yara's Violent Unravelling     Hexes/Transmutation          5
Comestibles
 d - 17 rations


   Skills:
 + Level 10.1 Fighting
 + Level 12.3 Dodging
 + Level 11.0 Unarmed Combat
 - Level 3.0 Spellcasting
 + Level 12.6 Transmutations
 + Level 7.2 Ice Magic
 - Level 3.1 Poison Magic


You had 3 spell levels left.
You knew the following spells:

 Your Spells              Type           Power        Failure   Level  Hunger
a - Spider Form           Tmut/Pois      ##........   13%         3    ###....
b - Sticks to Snakes      Tmut           ###.....     3%          2    ##.....
c - Ice Form              Ice/Tmut       ###.....     16%         4    #####..
d - Blade Hands           Tmut           ###.......   16%         5    ######.


Dungeon Overview and Level Annotations

Branches:
Dungeon (11/15)            Temple (1/1) D:4            Lair (0/6) D:10
    Orc (0/2) D:10

Altars:
Ashenzari
Cheibriados
Dithmenos
Elyvilon
Fedhas
Gozag
Hepliaklqana
Kikubaaqudgha
Makhleb
Nemelex Xobeh
Okawaru
Qazlal
Ru
Sif Muna
Trog
Uskayaw
Vehumet
Wu Jian
Xom
Yredelemnul
Zin
The Shining One

Shops:
D:7 *

Annotations:
D:3 Ivernyr's ghost, amateur DsSk
D:11 Sonja


Innate Abilities, Weirdness & Mutations

You revert to your normal form in water.
You are very nimble and swift while swimming.
You are very stealthy in the water. (Stealth+)
You have a somewhat thin skeletal structure. (Dex +2, Stealth)
You are resistant to electric shocks. (rElec)
[Scrolls take you longer to read.]
[You are very clumsy. (Dex -4)]
[Your body sometimes deteriorates upon taking damage.]
[Your magical capacity is low. (-10% MP)]
[Your spells are much easier to cast, but much less powerful.]


Message History

You feel the power of the Abyss delaying your translocation!
Your transformation is almost over.
The thrashing horror completely misses you.
The thrashing horror tramples you but does no damage.
A starcursed mass and a raiju come into view.
The raiju barks!
The thrashing horror roars!
The starcursed mass shrieks in your mind.
* * * LOW HITPOINT WARNING * * *
The raiju bursts into living lightning!
The living lightning hits you! You resist.
* * * LOW HITPOINT WARNING * * *
The living lightning misses you.
The raiju blinks! x2
You hear a bark!
The raiju barks!
Really read with blurry vision while enemies are nearby?
You feel like a meek peon again. The thrashing horror tramples you.
* * * LOW HITPOINT WARNING * * *
You stumble backwards!
A starcursed mass splits.
The starcursed mass shrieks in your mind.
You die...

. . . . ..x .#
≈..... . . . .8. .
....≈ # . . ...
.... .... # .
.#.....#...#...
..#...#.......#...#
. . ...
.......#...# ..#.
...##..X##...#
...#.....#.#..h@.#
.. . .
#......4...X.X#....
. .
........#......#
..............W.#
.#
#......####......#
. . .# # ###......#
... ..## .##.....
.... ## # ##..h.
.#### ####


You could see a starcursed mass, a thrashing horror, a large abomination, a
hungry ghost, 2 raiju, a chaos spawn and a small abomination (wandering).

Vanquished Creatures
  The ghost of Freyura the Carver, a journeyman GnCK of Xom (D:11)
  Erolcha (D:10)
  4 two-headed ogres
  A wretched star (Abyss:1)
  An unseen horror (D:11)
  A spatial maelstrom (Abyss:1)
  The ghost of Tali the Chopper, a novice DsBe of Trog (D:5)
  An ugly thing (D:11)
  A cyclops (D:7)
  Maurice (D:10)
  The ghost of Tali the Chopper, a novice DsBe of Trog (D:4)
  A centaur zombie (D:10)
  2 trolls
  An alligator zombie (Abyss:1)
  4 hippogriffs
  4 raiju (Abyss:1)
  A large abomination (Abyss:1)
  Sigmund (D:5)
  2 shadows (D:11)
  10 yaks (D:11)
  A basilisk (D:9)
  A neqoxec (Abyss:1)
  Edmund (D:6)
  2 water moccasins
  2 orc warriors
  An ice beast (D:9)
  A sky beast (D:7)
  4 phantoms
  A necrophage (D:11)
  4 ogres
  4 centaurs
  A big kobold (D:9)
  2 bullfrogs
  A gnoll sergeant (D:8)
  A water moccasin zombie (D:5)
  6 scorpions
  A water moccasin skeleton (D:9)
  13 killer bees
  13 wights
  4 electric eels (D:10)
  5 howler monkeys
  4 crimson imps
  4 bullfrog zombies
  2 quasits
  10 hounds
  4 jellies
  18 orc wizards
  5 orc priests
  6 centaur skeletons
  A gnoll shaman (D:4)
  4 iguanas
  Ijyb (D:4)
  8 worker ants
  A killer bee zombie (D:8)
  A hound zombie (D:6)
  A hound skeleton (D:9)
  2 howler monkey zombies
  Robin (D:2)
  9 gnolls
  9 adders
  A river rat (D:3)
  3 shadow imps
  An ooze (D:1)
  2 adder skeletons
  2 adder zombies
  3 worms
  5 dart slugs
  7 leopard geckos
  45 orcs
  3 ball pythons
  2 giant cockroaches
  3 hobgoblins
  12 jackals
  4 quokkas
  11 bats
  5 frilled lizards
  21 goblins
  A jackal skeleton (D:7)
  A jackal zombie (D:8)
  4 kobolds
  A quokka zombie (D:7)
  8 rats
345 creatures vanquished.

Vanquished Creatures (collateral kills)
  Grinder (D:5)
  A wolf (D:10)
  An iguana (D:10)
  A leopard gecko (D:11)
4 creatures vanquished.

Grand Total: 349 creatures vanquished

Notes
Turn   | Place    | Note
-------+----------+-------------------------------------------
     0 | D:1      | Oravi the Merfolk Transmuter began the quest for the Orb.
     0 | D:1      | Reached XP level 1. HP: 15/15 MP: 3/3
   134 | D:1      | Reached XP level 2. HP: 18/21 MP: 3/5
   138 | D:1      | Learned a level 2 spell: Sticks to Snakes
   327 | D:1      | Reached XP level 3. HP: 24/26 MP: 6/6
   352 | D:1      | Learned a level 3 spell: Spider Form
  1069 | D:2      | Reached skill level 1 in Poison Magic
  1129 | D:2      | Noticed Robin
  1135 | D:2      | Reached XP level 4. HP: 29/32 MP: 3/7
  1144 | D:2      | Killed Robin
  1393 | D:2      | Found a blossoming altar of Fedhas.
  1799 | D:3      | Found a shadowy altar of Dithmenos.
  1866 | D:3      | Found a hide-covered altar of Uskayaw.
  1973 | D:3      | Reached XP level 5. HP: 37/37 MP: 2/8
  2006 | D:3      | Noticed Ivernyr's ghost (amateur DsSk)
  2288 | D:3      | Reached skill level 5 in Transmutations
  2849 | D:4      | Reached XP level 6. HP: 24/43 MP: 5/9
  2860 | D:4      | Reached skill level 5 in Unarmed Combat
  2958 | D:4      | Found a sparkling altar of Nemelex Xobeh.
  2959 | D:4      | Noticed Tali's ghost (novice DsBe)
  3337 | D:4      | Noticed Ijyb
  3351 | D:4      | Killed Ijyb
  3533 | D:4      | Reached XP level 7. HP: 50/50 MP: 6/10
  3536 | D:4      | Found a staircase to the Ecumenical Temple.
  3550 | Temple   | Entered the Ecumenical Temple
  3693 | Temple   | Became a worshipper of Warmaster Okawaru
  3760 | D:4      | Learned a level 4 spell: Ice Form
  4086 | D:4      | Killed Tali's ghost
  4086 | D:4      | Reached skill level 5 in Dodging
  4286 | D:4      | Got a smoking dagger
  4290 | D:4      | Gained mutation: You possess an exceptional clarity of mind. [potion of mutation]
  4290 | D:4      | Gained mutation: You are resistant to electric shocks. (rElec) [potion of mutation]
  4290 | D:4      | Gained mutation: You have a somewhat thin skeletal structure. (Dex +2, Stealth) [potion of mutation]
  4321 | D:5      | Entered Level 5 of the Dungeon
  4376 | D:5      | Reached XP level 8. HP: 58/58 MP: 8/11
  4388 | D:5      | Reached * piety under Okawaru
  4429 | D:5      | Noticed Tali's ghost (novice DsBe)
  4500 | D:5      | Noticed Sigmund
  4513 | D:5      | Killed Sigmund
  4931 | D:5      | Noticed Grinder
  4938 | D:5      | Paralysed by Grinder for 3 turns
  4949 | D:5      | Killed Grinder
  4949 | D:5      | Reached ** piety under Okawaru
  5113 | D:5      | Killed Tali's ghost
  5113 | D:5      | Reached skill level 5 in Fighting
  5113 | D:5      | Reached XP level 9. HP: 66/68 MP: 1/12
  5190 | D:5      | Found a burning altar of Makhleb.
  5193 | D:5      | Found a sacrificial altar of Ru.
  5196 | D:5      | Found a shattered altar of Ashenzari.
  5720 | D:6      | Noticed Edmund
  5735 | D:6      | Killed Edmund
  5735 | D:6      | Reached *** piety under Okawaru
  5943 | D:6      | Got a twitching garnet amulet
  6720 | D:7      | Found a burning altar of Makhleb.
  6851 | D:7      | Found Gimnu's Assorted Antiques.
  6875 | D:7      | Identified the amulet of Upigy {Spirit rPois Str-5 Int+4 SInv} (You found it on level 6 of the Dungeon)
  6876 | D:7      | Noticed a cyclops
  7254 | D:7      | Killed a cyclops
  7254 | D:7      | Reached XP level 10. HP: 54/77 MP: 13/13
  7490 | D:8      | Reached **** piety under Okawaru
  7520 | D:8      | Reached skill level 1 in Ice Magic
  7652 | D:8      | Noticed a two-headed ogre
  7978 | D:8      | Killed a two-headed ogre
  7978 | D:8      | Reached skill level 10 in Transmutations
  8676 | D:9      | Noticed a two-headed ogre
  8686 | D:8      | Killed a two-headed ogre
  8686 | D:8      | Reached skill level 10 in Dodging
  8918 | D:9      | Reached ***** piety under Okawaru
  9059 | D:9      | Reached XP level 11. HP: 47/86 MP: 14/14
  9257 | D:9      | Noticed a two-headed ogre
  9275 | D:9      | Killed a two-headed ogre
  9695 | D:9      | Noticed a two-headed ogre
  9705 | D:9      | Killed a two-headed ogre
  9760 | D:9      | Learned a level 5 spell: Blade Hands
  9997 | D:10     | Entered Level 10 of the Dungeon
 10082 | D:10     | Noticed Maurice
 10096 | D:10     | Killed Maurice
 10096 | D:10     | Received a gift from Okawaru
 10096 | D:10     | Reached skill level 5 in Ice Magic
 10097 | D:10     | Got an ancient rapier {god gift}
 10119 | D:10     | Noticed Erolcha
 10137 | D:10     | Killed Erolcha
 10137 | D:10     | Reached skill level 10 in Unarmed Combat
 10314 | D:10     | Found a staircase to the Lair.
 10664 | D:10     | Found a staircase to the Orcish Mines.
 10940 | D:11     | Noticed Freyura's ghost (journeyman GnCK)
 10970 | D:11     | Received a gift from Okawaru
 10973 | D:11     | Got a pitted buckler {god gift}
 11236 | D:11     | Reached XP level 12. HP: 54/96 MP: 15/15
 11555 | D:11     | Killed Freyura's ghost
 12095 | D:11     | Noticed Sonja
 12655 | D:11     | Cast into level 1 of the Abyss (Sonja)
 12660 | Abyss:1  | Got a translucent chain mail
 12684 | Abyss:1  | Noticed a wretched star
 12728 | Abyss:1  | Killed a wretched star
 12728 | Abyss:1  | Reached skill level 10 in Fighting
 12731 | Abyss:1  | Lost mutation: You possess an exceptional clarity of mind. [a neqoxec]
 12773 | Abyss:1  | Noticed a rakshasa
 12979 | Abyss:1  | Noticed a thrashing horror
 12998 | Abyss:1  | Noticed a starcursed mass
 12999 | Abyss:1  | Killed from afar by a starcursed mass

Skill      XL: |  1  2  3  4  5  6  7  8  9 10 11 12 |
---------------+-------------------------------------+-----
Transmutations | 3 4 5 6 8 9 10 12 | 12.6
Unarmed Combat | 4 5 7 8 9 10 11 | 11.0
Poison Magic   | 1 2 3 |  3.1
Dodging        | 4 5 7 8 10 11 12 | 12.3
Fighting       | 2 3 5 6 8 9 10 | 10.1
Ice Magic      | 3 6 7 |  7.2
Spellcasting   | 3 |  3.0

Action                   |  1- 3 |  4- 6 |  7- 9 | 10-12 || total
-------------------------+-------+-------+-------+-------++-------
Melee: Unarmed           |    81 |   161 |   314 |   683 ||  1239
       Headbutt          |     7 |       |       |       ||     7
       Punch             |       |     1 |     1 |     3 ||     5
Throw: Stone             |     1 |    23 |       |       ||    24
       Javelin           |       |       |       |     3 ||     3
 Cast: Beastly Appendage |    10 |       |       |       ||    10
       Spider Form       |     8 |    25 |    42 |    59 ||   134
       Sticks to Snakes  |       |       |    11 |    18 ||    29
       Ice Form          |       |       |     1 |     1 ||     2
       Blade Hands       |       |       |       |     6 ||     6
Invok: Heroism           |       |       |     1 |     8 ||     9
 Abil: End Transformatio |       |     1 |       |     2 ||     3
Evoke: Wand              |       |       |       |     8 ||     8
  Use: Scroll            |       |    11 |     9 |     6 ||    26
       Potion            |       |     1 |     1 |     5 ||     7
 Stab: Sleeping          |     1 |       |     5 |     2 ||     8
       Distracted        |       |       |       |     5 ||     5
  Eat: Chunk             |     1 |    12 |    16 |    24 ||    53
       Ration            |       |       |     1 |     1 ||     2
Armor: Robe              |    10 |    12 |     4 |    16 ||    42
       Skin              |       |     5 |     6 |    16 ||    27
Dodge: Dodged            |    73 |   168 |   249 |   747 ||  1237
